Map: Orbital Shipyard

Players

StekepaNNe - Winner!

  • Race: Zerg Zerg
  • League: Master

Miszu

  • Race: Terran Terran
  • League: Master

VOD

Have the link to the VOD?

Description

Time

  • Played on: March 12, 2016, 5:50 p.m.
  • Length: 15:35
Show
View Real Time Build Order
Export as new Build Order

StekepaNNe Zerg - Winner!

Build Orders: Hatch First, Muta Ling Bane 

Get SALT Encoding   

  12  0:00  Drone  
  13  0:12  Overlord  
  13  0:17  Drone  
  14  0:31  Drone x2  
  14  0:34  Drone  
  17  0:52  Hatchery  
  17  0:54  Drone  
  17  0:59  Drone  
  18  1:10  Spawning Pool  
  17  1:14  Drone  
  18  1:20  Drone  
  18  1:21  Extractor  
  18  1:29  Drone  
  19  1:39  Drone  
  20  1:47  Hatchery  
  20  1:49  Drone  
  20  1:59  Queen  
  22  2:09  Queen  
  22  2:12  Zergling x2  
  25  2:18  Overlord  
  25  2:24  Metabolic Boost  
  25  2:28  Drone  
  26  2:31  Drone  
  27  2:43  Drone  
  28  2:44  Queen  
  30  2:52  Drone x2  
  30  2:55  Drone  
  33  2:59  Queen  
  33  3:03  Drone  
  36  3:07  Drone x2  
  36  3:11  Overlord  
  38  3:16  Pneumatized Carapace  
  38  3:23  Drone x3  
  41  3:27  Overlord  
  41  3:31  Drone  
  41  3:33  Drone  
  43  3:44  Drone x2  
  45  3:50  Overlord  
  45  3:51  Drone x3  
  45  3:52  Drone x3  
  45  3:53  Drone  
  52  4:05  Overlord  
  52  4:06  Queen  
  56  4:10  Drone  
  56  4:11  Drone x2  
  59  4:20  Spore Crawler  
  59  4:21  Spore Crawler  
  59  4:22  Spore Crawler  
  59  4:23  Lair  
  54  4:25  Extractor  
  54  4:27  Extractor  
  54  4:28  Roach Warren  
  54  4:29  Overlord  
  54  4:30  Drone  
  54  4:31  Drone x2  
  54  4:36  Extractor, Drone x2  
  54  4:37  Drone x2  
  57  4:42  Drone x3  
  57  4:43  Drone  
  61  4:53  Drone x3  
  61  4:57  Drone  
  61  4:59  Evolution Chamber  
  64  5:06  Overlord  
  64  5:12  Drone x10  
  74  5:19  Overlord  
  74  5:22  Glial Reconstitution  
  74  5:25  Overseer  
  74  5:31  Drone x2  
  74  5:32  Overlord x4, Extractor, Drone x2  
  74  5:34  Extractor  
  76  5:45  Zerg Missile Weapons Level 1  
  76  5:56  Roach x8  
  94  6:11  Roach x3  
  94  6:12  Roach x7  
  112  6:24  Ravager x6  
  118  6:26  Ravager  
  118  6:27  Overlord x4  
  118  6:47  Roach  
  118  6:48  Roach x11  
  142  7:06  Spire, Roach x3  
  146  7:44  Overlord x2  
  146  7:45  Overlord  
  118  7:59  Roach  
  118  8:00  Roach x10  
  113  8:12  Hatchery  
  94  8:17  Mutalisk  
  94  8:18  Mutalisk x3  
  102  8:23  Mutalisk x3  
  108  8:36  Mutalisk x3  
  114  8:53  Zerg Missile Weapons Level 2  
  114  9:01  Baneling Nest  
  113  9:04  Zergling x18  
  113  9:05  Zergling x6  
  125  9:17  Zergling x2, Ravager x3  
  127  9:18  Zergling x8  
  133  9:36  Zergling x20  
  143  9:45  Mutalisk x5  
  143  9:47  Centrifical Hooks  
  143  9:49  Zergling x6  
  156  10:00  Zergling x6, Hatchery  
  156  10:04  Hatchery  
  156  10:06  Zerg Flyer Weapons Level 1  
  157  10:09  Ravager x3  
  157  10:13  Overlord x3  
  160  10:14  Zergling x6  
  160  10:15  Zergling x4  
  165  10:28  Baneling x7  
  165  10:29  Baneling  
  165  10:30  Baneling  
  165  10:31  Baneling x2  
  165  10:32  Baneling x2  
  165  10:33  Baneling  
  165  10:34  Baneling  
  165  10:38  Zergling x18  
  161  11:02  Zergling x18  
  161  11:03  Zergling x4  
  165  11:27  Zerg Ground Armor Level 1  
  165  11:31  Evolution Chamber  
  164  11:33  Hatchery  
  164  11:34  Mutalisk x4  
  164  11:35  Zergling x12  
  164  11:36  Zergling x12  
  183  11:54  Baneling x11  
  183  12:08  Zerg Melee Weapons Level 1  
  183  12:13  Zergling x34  
  200  12:22  Zerg Flyer Weapons Level 2  
  200  12:35  Baneling  
  200  12:36  Baneling x7, Overseer  
  200  12:37  Overseer  
  200  12:46  Hatchery  
  185  13:03  Zergling x12  
  185  13:04  Zergling x40  
  179  13:09  Baneling x5  
  177  13:22  Zergling x22  
  167  13:32  Zergling x6  
  167  13:33  Zergling x6  
  148  13:42  Drone x3  
  151  13:55  Baneling  
  151  13:56  Baneling x16  
  151  13:58  Zergling x2  
  131  14:20  Zergling x4  
  131  14:21  Zergling x20  
  129  14:32  Zergling x14  
  136  14:41  Baneling  
  136  14:42  Baneling x7  
  134  14:55  Baneling  
  134  14:56  Baneling x4  
  134  15:08  Zergling x2  
  134  15:09  Zergling x30  
  150  15:16  Baneling x2  
  150  15:17  Baneling  
Show
View Real Time Build Order
Export as new Build Order

Miszu Terran 

Build Orders: Command Center First (CC), Liberator Opening, MMM Bio 

Get SALT Encoding   

  12  0:01  SCV  
  13  0:13  SCV  
  14  0:18  Supply Depot  
  14  0:25  SCV  
  15  0:42  SCV  
  16  0:54  SCV  
  17  1:02  Command Center  
  17  1:06  SCV  
  18  1:18  SCV  
  18  1:23  Refinery, Barracks  
  19  1:30  SCV  
  20  1:43  SCV  
  21  1:55  Refinery, SCV  
  23  2:13  Marine, Orbital Command  
  23  2:14  Orbital Command  
  23  2:16  Supply Depot  
  23  2:25  Factory  
  23  2:31  Marine  
  24  2:39  SCV  
  24  2:40  SCV  
  26  2:49  Marine  
  27  2:51  SCV  
  27  2:52  SCV  
  29  3:03  SCV  
  29  3:04  SCV  
  31  3:07  Marine  
  31  3:10  Starport  
  31  3:11  Factory Tech Lab  
  32  3:14  Supply Depot  
  32  3:15  SCV  
  32  3:19  SCV  
  34  3:24  Marine  
  35  3:27  SCV  
  35  3:31  SCV  
  40  3:36  Supply Depot  
  40  3:37  Liberator  
  40  3:39  SCV  
  41  3:43  SCV  
  39  3:51  Fusion Core  
  39  3:52  SCV  
  39  3:54  Command Center  
  39  3:55  SCV  
  44  4:00  Supply Depot  
  44  4:04  SCV  
  44  4:05  Factory Tech Lab  
  44  4:07  SCV  
  46  4:12  Barracks Reactor  
  46  4:16  SCV  
  47  4:20  SCV, Liberator  
  48  4:27  Refinery x2, Barracks  
  48  4:28  Barracks, SCV  
  49  4:35  SCV  
  53  4:40  Engineering Bay  
  53  4:43  Engineering Bay, SCV  
  54  4:48  Marine, SCV  
  54  4:49  Marine  
  57  4:53  Advanced Ballistics  
  57  4:58  SCV  
  58  5:00  SCV  
  59  5:07  Terran Infantry Weapons Level 1  
  59  5:09  Orbital Command  
  59  5:10  SCV  
  59  5:12  Terran Infantry Armor Level 1, SCV  
  61  5:15  Liberator  
  61  5:18  Marine  
  61  5:19  Barracks Tech Lab x2  
  62  5:22  SCV  
  62  5:24  SCV  
  62  5:25  Barracks  
  62  5:27  Barracks  
  64  5:29  Marine  
  64  5:34  SCV  
  69  5:36  Marine  
  69  5:37  Marine  
  69  5:39  Marine, Stimpack  
  69  5:41  SCV  
  73  5:47  Supply Depot, SCV  
  73  5:49  Marine  
  75  5:54  Marine  
  75  5:55  Marine  
  74  6:00  Marine  
  75  6:04  Combat Shields  
  75  6:06  SCV x2  
  75  6:07  Marine  
  75  6:09  Armory  
  75  6:10  Supply Depot  
  78  6:15  Orbital Command  
  78  6:16  Barracks Reactor  
  78  6:17  Barracks Reactor  
  78  6:18  SCV  
  79  6:25  SCV  
  80  6:29  Starport Reactor  
  80  6:30  SCV  
  81  6:36  Supply Depot, Marine  
  81  6:37  Marine, Marauder, SCV  
  86  6:42  SCV  
  86  6:43  Marauder  
  89  6:47  SCV  
  89  6:49  SCV  
  89  6:52  Refinery  
  89  6:54  Supply Depot x2, Marine  
  91  6:56  Supply Depot  
  91  6:58  Marauder  
  91  7:00  Marine x5  
  98  7:05  Marauder  
  100  7:12  Marine  
  101  7:17  Marine, Siege Tank  
  101  7:18  Marine x4, Medivac x2  
  101  7:20  Marauder  
  115  7:25  Marine  
  115  7:26  Supply Depot, SCV x2  
  115  7:27  SCV  
  119  7:30  Marine  
  119  7:32  Terran Infantry Armor Level 2  
  119  7:35  Marine x2  
  119  7:36  Refinery  
  119  7:38  SCV x2, Terran Infantry Weapons Level 2  
  119  7:39  SCV  
  122  7:46  Marine, Marauder  
  122  7:48  Marine, Medivac, Marauder  
  122  7:50  SCV  
  113  8:04  Marine  
  92  8:07  Marauder  
  92  8:10  Marauder  
  92  8:11  SCV x3  
  92  8:12  Marine  
  97  8:16  Marine  
  97  8:17  Marine  
  97  8:19  Marine x2  
  100  8:22  Marine  
  100  8:23  SCV x3  
  100  8:24  Medivac x2, Siege Tank  
  112  8:29  Marauder  
  112  8:30  Marine  
  112  8:31  Marauder  
  117  8:34  Marine x2  
  117  8:35  SCV x3  
  117  8:36  Marine  
  123  8:47  Marine x2, SCV x2  
  123  8:48  Marine, SCV  
  129  8:50  Marauder  
  129  8:52  Marauder  
  133  8:56  Command Center  
  133  8:58  Marine x2  
  133  9:02  Missile Turret  
  132  9:03  Missile Turret  
  132  9:05  Missile Turret  
  132  9:07  Marine  
  133  9:26  Marine  
  133  9:29  Marine  
  133  9:42  Medivac x2, Marauder, SCV x2  
  133  9:43  Supply Depot  
  133  9:44  Supply Depot  
  133  9:45  Supply Depot  
  141  9:46  Supply Depot  
  141  9:48  Supply Depot x2  
  141  9:50  Supply Depot  
  141  10:05  Marine x7, Marauder, Thor, SCV  
  157  10:17  Medivac  
  157  10:18  Medivac  
  161  10:22  Missile Turret  
  161  10:23  Marine x7  
  161  10:24  Missile Turret  
  161  10:27  Marauder  
  170  10:32  Missile Turret  
  170  10:40  Marine x4  
  170  10:41  Marine x2, Marauder  
  178  10:48  Marine  
  176  10:58  Marine x6  
  176  11:02  Marine  
  164  11:05  Marine  
  163  11:16  Marine x6  
  167  11:18  SCV  
  167  11:20  Marauder  
  167  11:23  Marine  
  167  11:24  Engineering Bay, SCV x2  
  167  11:25  Engineering Bay  
  173  11:30  SCV  
  174  11:34  Marine x6  
  174  11:36  Medivac x2, Siege Tank  
  187  11:41  Supply Depot, Marine x2  
  188  11:52  Marine x2  
  188  11:53  Marine x4  
  191  11:57  Missile Turret  
  191  11:59  Missile Turret  
  194  12:02  Missile Turret  
  194  12:03  Missile Turret  
  194  12:06  Medivac  
  196  12:09  Marine  
  196  12:10  Marine x3  
  196  12:14  Planetary Fortress  
  200  12:18  Terran Infantry Armor Level 3  
  200  12:19  Missile Turret  
  200  12:20  Missile Turret  
  200  12:21  Missile Turret  
  194  12:25  Refinery x2  
  194  12:32  Barracks x2  
  194  12:45  Ghost Academy  
  194  12:47  Marine  
  194  12:48  Marine x6, Marauder  
  192  13:05  Marine  
  138  13:06  Marine x5, Marauder  
  138  13:09  Marine  
  143  13:23  Marine x4  
  143  13:24  Marine x2  
  143  13:26  Marine  
  126  13:27  Marine  
  100  13:41  Marine x6  
  94  13:45  Marine, Marauder  
  102  13:52  Orbital Command  
  102  13:59  Marine x6, Siege Tank  
  102  14:00  Medivac x2  
  115  14:03  Marine  
  115  14:06  Marine  
  100  14:21  Marauder  
  89  14:28  Marine  
  89  14:29  Marine x6  
  96  14:34  Missile Turret  
  96  14:42  Marine  
  97  14:46  Marine  
  97  14:47  Marine x6  
  99  15:00  Marine  
  99  15:01  Medivac x2, Siege Tank  
  99  15:04  Marine x2  
  99  15:05  Marine x5  
Tags
 
Add a new tag
Caveats
  • Supply blocks, unpowered buildings, or Contaminate may cause inaccurate times.
  • Supply counts are checked every 10 seconds.